 Dungeon Crawl Stone Soup version 0.19.0-2-gae57169 (webtiles) character file.

382 Gingerlord the Chopper (level 6, -6/56 HPs)
             Began as a Deep Dwarf Gladiator on Nov 5, 2016.
             Was an Initiate of Makhleb.
             Mangled by Eustachio
             ... wielding a +6 falchion of electrocution
              (11 damage)
             ... on level 4 of the Dungeon.
             The game lasted 00:07:18 (2741 turns).

Gingerlord the Chopper (Deep Dwarf Gladiator)       Turns: 2741, Time: 00:07:19

Health: -6/56      AC: 13    Str: 18    XL:     6   Next: 47%
Magic:  14/14      EV:  8    Int:  9    God:    Makhleb [......]
Gold:   142        SH:  0    Dex: 15    Spells: 0 memorised, 5 levels left

rFire  . . .     SeeInvis .     a - +0 war axe
rCold  . . .     Gourm    .     d - +0 plate armour
rNeg   . . .     Faith    .     (no shield)
rPois  .         Spirit   .     c - +0 helmet
rElec  .         Reflect  .     (no cloak)
rCorr  .         Harm     .     u - +0 pair of gloves
MR     .....                    (no boots)
Stlth  ..........               (no amulet)
                                n - +1 ring of evasion
                                z - ring of magical power

@: non-regenerating
A: damage resistance, recharge devices, sense surroundings 1, slow regeneration
3
a: Device Recharging, Renounce Religion


You were on level 4 of the Dungeon.
You worshipped Makhleb.
Makhleb was noncommittal.
You were not hungry.

You visited 2 branches of the dungeon, and saw 6 of its levels.

You collected 142 gold pieces.

Inventory:

Hand Weapons
 a - a +0 war axe (weapon)
Armour
 c - a +0 helmet (worn)
 d - a +0 plate armour (worn)
 u - a +0 pair of gloves (worn)
Jewellery
 n - a +1 ring of evasion (right hand)
 z - a ring of magical power (left hand)
Wands
 e - a wand of heal wounds (8/9)
Scrolls
 b - a scroll of noise {unknown}
 h - 2 scrolls of remove curse
 i - 2 scrolls of immolation {unknown}
 q - 3 scrolls of identify {unknown}
 s - 2 scrolls of amnesia {unknown}
 t - a scroll of teleportation {unknown}
 y - 3 scrolls of fog {unknown}
Potions
 g - a potion of ambrosia {unknown}
 j - 3 potions of heal wounds {unknown}
 k - a potion of lignification {unknown}
 m - 3 potions of curing {unknown}
 o - 3 potions of berserk rage {unknown}
 r - a potion of magic {unknown}
 v - a potion of cure mutation {unknown}
Comestibles
 f - 4 bread rations
 p - 5 meat rations
 x - 7 fruits


   Skills:
 + Level 3.5 Fighting
 + Level 5.1 Axes
 - Level 1.7 Throwing
 + Level 3.0 Armour
 + Level 4.9 Dodging


You had 5 spell levels left.
You didn't know any spells.

Dungeon Overview and Level Annotations

Branches:
Dungeon (5/15)             Temple (1/1) D:4

Altars:
Elyvilon
Makhleb
Qazlal

Shops:
D:4 %

Annotations:
D:4 Eustachio


Innate Abilities, Weirdness & Mutations

You are resistant to damage.
You can recharge devices by infusing magical energy.
You passively map a small area around you.
You do not regenerate.


Message History

Eustachio mumbles some strange words.
Eustachio blinks!
You barely miss Eustachio.
Eustachio is heavily wounded.
Eustachio hits you but does no damage.
You slash Eustachio!
Eustachio is heavily wounded.
Eustachio closely misses you. x2
Your plate armour prevents you from hitting Eustachio.
Eustachio is heavily wounded.
Eustachio barely misses you.
You hit Eustachio but do no damage.
Eustachio is heavily wounded.
Eustachio hits you with a falchion of electrocution.
You are electrocuted!
* * * LOW HITPOINT WARNING * * *
You miss Eustachio.
Eustachio is heavily wounded.
Eustachio hits you but does no damage.
You are electrocuted!
You die...

#....# ,..................'.....
#....#* ####.....###......#.....
#....# #.....# #......#.....
#....# * #.....# #......#.....
###'## ,* #####.# #......######
#.# * #########.# ######## #.#
,@.r§......##
#.###########....######
#.#..).......>@.......#########
#.#.########...@.#.##..........
#.#r#......#..####.##.######...
##.#.#.####.#..####.##..#####...
#........##.#...................
####.#.#.##.#.#####.##..#.###...
#####.#.#....#.# #.##....# #...
....#.#.######.# #.##.#..# #...
###.#.#...r....#####.##.#..#
#...


You could see Eustachio.

Vanquished Creatures
  An ogre (D:4)
  2 howler monkeys (D:4)
  An orc wizard (D:4)
  4 worker ants (D:4)
  An adder (D:3)
  A howler monkey skeleton (D:4)
  2 oozes
  An adder skeleton (D:4)
  2 dart slugs
  2 leopard geckos
  5 orcs
  6 bats (D:1)
  3 giant cockroaches
  3 hobgoblins
  5 jackals (D:4)
  A quokka (D:4)
  A ball python (D:2)
  7 frilled lizards
  10 goblins
  8 kobolds
  9 rats
75 creatures vanquished.

Notes
Turn   | Place    | Note
-------+----------+-------------------------------------------
     0 | D:1      | Gingerlord the Deep Dwarf Gladiator began the quest for the Orb.
     0 | D:1      | Reached XP level 1. HP: 19/19 MP: 1/1
   142 | D:1      | Reached XP level 2. HP: 26/26 MP: 2/2
   178 | D:1      | Reached skill level 1 in Armour
   274 | D:1      | Reached XP level 3. HP: 23/32 MP: 3/3
   728 | D:2      | Reached skill level 4 in Axes
   976 | D:2      | You fall through a shaft!
  1407 | D:3      | Reached XP level 4. HP: 27/40 MP: 4/4
  1458 | D:3      | Found a white marble altar of Elyvilon.
  1520 | D:3      | Noticed a fire elemental
  1522 | D:3      | Found a stormy altar of Qazlal.
  1628 | D:3      | Noticed an air elemental
  1631 | D:3      | Noticed a water elemental
  1632 | D:3      | Noticed an earth elemental
  1799 | D:4      | Found a staircase to the Ecumenical Temple.
  1809 | Temple   | Entered the Ecumenical Temple
  1822 | Temple   | Became a worshipper of Makhleb the Destroyer
  1979 | D:4      | Reached XP level 5. HP: 44/48 MP: 5/5
  2056 | D:4      | Found a white marble altar of Elyvilon.
  2089 | D:4      | Noticed an ogre
  2098 | D:4      | Killed an ogre
  2180 | D:4      | Reached XP level 6. HP: 46/56 MP: 5/5
  2353 | D:4      | Found Plog's Food Boutique.
  2403 | D:4      | Reached skill level 5 in Axes
  2586 | D:4      | Noticed Eustachio
  2620 | D:5      | Entered Level 5 of the Dungeon
  2741 | D:4      | Mangled by Eustachio

Skill      XL: |  1  2  3  4  5  6 |
---------------+-------------------+-----
Armour         | 1 2 3 |  3.0
Fighting       | 2 3 |  3.5
Axes           | 4 5 |  5.1
Dodging        | 4 |  4.9
Throwing       | |  1.7

Action                   |  1- 3 |  4- 6 || total
-------------------------+-------+-------++-------
Melee: War axe           |   115 |   190 ||   305
 Abil: Device Recharging |       |     1 ||     1
Evoke: Wand              |     1 |     2 ||     3
  Use: Scroll            |     1 |     1 ||     2
 Stab: Sleeping          |     1 |       ||     1
  Eat: Chunk             |     1 |     5 ||     6
Armor: Leather armour    |    42 |       ||    42
       Chain mail        |       |    76 ||    76
       Plate armour      |       |    36 ||    36
Dodge: Dodged            |   103 |    99 ||   202
